 Dungeon Crawl Stone Soup version 0.20.0-4-g10b340a (webtiles) character file.

539 Hasart the Poker (level 7, -14/55 HPs)
             Began as a Naga Warper on May 28, 2017.
             Demolished by an ogre
             ... wielding a +0 giant club
              (25 damage)
             ... on level 4 of the Dungeon.
             The game lasted 00:10:16 (5194 turns).

Hasart the Poker (Naga Warper)                      Turns: 5194, Time: 00:10:17

Health: -14/55     AC:  6    Str: 15    XL:     7   Next: 26%
Magic:  10/10      EV: 11    Int: 14    God:
Gold:   158        SH:  0    Dex: 17    Spells: 5/10 levels left

rFire    . . .     SeeInvis +   k - +0 halberd
rCold    . . .     Gourm    .   (shield currently unavailable)
rNeg     . . .     Faith    .   t - +0 leather armour (curse)
rPois    +         Spirit   .   (no helmet)
rElec    .         Reflect  .   h - -1 cloak (curse)
rCorr    .         Harm     .   p - +1 pair of gloves
MR       .....                  (no barding)
Stlth    ++........             (no amulet)
Regen    0.2/turn               x - +5 ring of dexterity
MPRegen  0.2/turn               (no ring)

@: short of breath, very slow
A: camouflage 1, see invisible, agile 1, deformed body, frail 1, poison
resistance, slowness 2, slow metabolism 1, spit poison 1, evolution 1, AC +2
a: Spit Poison


You were on level 4 of the Dungeon.
You were not hungry.

You visited 1 branch of the dungeon, and saw 4 of its levels.

You collected 158 gold pieces.

Inventory:

Hand Weapons
 a - a +0 spear
 k - a +0 halberd (weapon)
Missiles
 e - 5 tomahawks of dispersal (quivered)
 n - 3 silver tomahawks
Armour
 h - a cursed -1 cloak (worn)
 m - a +0 chain mail
 p - a +1 pair of gloves (worn)
 t - a cursed +0 leather armour (worn)
Jewellery
 x - a +5 ring of dexterity (left hand)
Wands
 u - a wand of confusion (13/48)
 w - a wand of iceblast (6/15)
Scrolls
 b - 4 scrolls of remove curse {unknown}
 d - 2 scrolls of blinking
 g - 4 scrolls of identify
 l - a scroll of immolation
 s - a scroll of noise {unknown}
Potions
 i - a potion of mutation
 j - a potion of curing
 o - a potion of resistance {unknown}
Books
 c - a book of Spatial Translocations

   Spells                             Type                      Level
   a - Blink                          Translocation                2
   b - Shroud of Golubria             Charms/Translocation         2
   c - Lesser Beckoning               Translocation                3
   d - Gell's Gravitas                Translocation                3
   e - Teleport Other                 Translocation                3
   f - Passage of Golubria            Translocation                4
Comestibles
 f - 2 bread rations
 q - a meat ration
 r - 3 fruits
 v - a royal jelly


   Skills:
 + Level 3.4 Fighting
 * Level 4.8 Polearms
 - Level 0.8 Throwing
 + Level 2.5 Armour
 + Level 3.2 Dodging
 - Level 2.0 Spellcasting
 + Level 3.8 Translocations


You had 5 spell levels left.
You knew the following spells:

 Your Spells              Type           Power        Failure   Level  Hunger
a - Blink                 Tloc           N/A          10%         2    ###....
b - Lesser Beckoning      Tloc           ##........   19%         3    ####...


Dungeon Overview and Level Annotations

Branches:
Dungeon (4/15)
 Temple: D:4-7

Altars:
Dithmenos
Hepliaklqana
Trog

Annotations:
D:4 Monsterracer's ghost, novice FoAK


Innate Abilities, Weirdness & Mutations

You cannot wear boots.
Your serpentine skin is tough. (AC +2)
You have supernaturally acute eyesight. (SInv)
Armour fits poorly on your strangely shaped body.
Your system is resistant to poisons. (rPois)
You cover ground very slowly.
You have a slow metabolism.
You can spit poison.
Your skin changes colour to match your surroundings (Stealth+).
You are agile. (Dex +2)
You are frail. (-10% HP)
You evolve.


Message History

Press: ? - help, Shift-Dir - straight line, f - ogre, p - crimson imp
Aim: an ogre, wielding a giant club (lightly wounded)
The splash of poison hits the ogre.
The ogre is heavily wounded.
You feel slightly more hungry. The ogre hits you with a giant club!!
Ouch! That really hurt!
You hit the ogre.
The ogre is severely wounded.
The crimson imp hits you but does no damage.
The ogre hits you with a giant club!
* * * LOW HITPOINT WARNING * * *
Unknown command.
You hit the ogre.
The ogre is severely wounded.
The crimson imp hits you but does no damage.
The ogre closely misses you.
You barely miss the ogre.
The ogre is severely wounded.
The crimson imp completely misses you. The ogre hits you with a giant club!!
You die...

#.# #.# #.#
#.######## ..
#.##.....# #
#.##.....#
#.###.##.....#
#.....##.....# ###
##....##.....# ...#
#....##)....##....#
#.....)....5@O....#
#....##.....##....#
#....##.....# ####
###..##.....#
#.>######## ####


You could see an ogre and a crimson imp.

Vanquished Creatures
  A crocodile (D:4)
  A scorpion (D:4)
  2 orc priests
  4 orc wizards
  A hound (D:4)
  A worker ant (D:3)
  A gnoll (D:3)
  5 adders
  3 oozes
  2 worms (D:2)
  2 dart slugs
  7 leopard geckos
  10 orcs
  7 bats
  4 giant cockroaches
  5 goblins
  10 hobgoblins
  8 jackals
  4 quokkas
  2 ball pythons (D:3)
  6 frilled lizards
  8 kobolds
  8 rats
102 creatures vanquished.

Notes
Turn   | Place    | Note
-------+----------+-------------------------------------------
     0 | D:1      | Hasart the Naga Warper began the quest for the Orb.
     0 | D:1      | Reached XP level 1. HP: 19/19 MP: 3/3
   178 | D:1      | Reached skill level 1 in Armour
   178 | D:1      | Reached XP level 2. HP: 7/26 MP: 5/5
   613 | D:1      | HP: 1/26 [ooze (3)]
   960 | D:1      | Reached XP level 3. HP: 31/32 MP: 6/6
  1646 | D:2      | Reached skill level 3 in Polearms
  1670 | D:2      | Found a shadowy altar of Dithmenos.
  1953 | D:2      | Reached XP level 4. HP: 35/40 MP: 7/7
  2239 | D:2      | Found a faded altar of an unknown god.
  2638 | D:3      | Learned a level 2 spell: Blink
  2642 | D:3      | Learned a level 3 spell: Lesser Beckoning
  2873 | D:3      | Reached XP level 5. HP: 24/46 MP: 8/8
  3075 | D:3      | Gained mutation: You are frail. (-10% HP) [potion of mutation]
  3075 | D:3      | Gained mutation: You are agile. (Dex +2) [potion of mutation]
  3075 | D:3      | Gained mutation: You evolve. [potion of mutation]
  3271 | D:3      | Gained mutation: Your skin changes colour to match your surroundings (Stealth+). [evolution]
  3429 | D:3      | Found a hazy altar of Hepliaklqana.
  3894 | D:3      | Reached XP level 6. HP: 35/50 MP: 9/9
  3945 | D:3      | Found a bloodstained altar of Trog.
  4346 | D:4      | Reached skill level 4 in Polearms
  4506 | D:4      | Noticed Monsterracer's ghost (novice FoAK)
  5120 | D:4      | Reached XP level 7. HP: 55/55 MP: 10/10
  5194 | D:4      | Demolished by an ogre

Skill      XL: |  1  2  3  4  5  6 |
---------------+-------------------+-----
Armour         | 1 2 |  2.5
Dodging        | 2 3 |  3.2
Polearms       | 3 4 |  4.8
Fighting       | 3 |  3.4
Throwing       | |  0.8
Spellcasting   | |  2.0
Translocations | |  3.8

Action                   |  1- 3 |  4- 6 |  7- 9 || total
-------------------------+-------+-------+-------++-------
Melee: Spear             |   140 |   226 |       ||   366
       Halberd           |       |    89 |    30 ||   119
 Abil: Spit Poison       |     6 |    13 |     1 ||    20
Evoke: Wand              |       |     2 |       ||     2
  Use: Potion            |       |     5 |       ||     5
       Scroll            |       |     2 |       ||     2
 Stab: Sleeping          |       |     2 |     1 ||     3
       Confused          |       |     1 |       ||     1
       Distracted        |       |       |     1 ||     1
  Eat: Chunk             |     2 |     9 |     1 ||    12
Armor: Leather armour    |    18 |    31 |    11 ||    60
       Chain mail        |    35 |   167 |       ||   202
Dodge: Dodged            |    43 |   104 |    10 ||   157
